 Dungeon Crawl Stone Soup version 0.23-a0-644-gb60d84b (webtiles) character file.

353 zishaf the Sneak (level 6, -3/33 HPs)
             Began as a Vine Stalker Assassin on Jan 1, 2019.
             Was a Follower of Uskayaw.
             Killed by divine providence
             ... invoked by an orc priest
              (8 damage)
             ... on level 4 of the Dungeon.
             The game lasted 00:06:06 (3760 turns).

zishaf the Sneak (Vine Stalker Assassin)            Turns: 3760, Time: 00:06:06

Health: -3/33      AC:  4    Str: 16    XL:     6   Next: 62%
Magic:  0/7        EV: 13    Int: 11    God:    Uskayaw [*.....]
Gold:   230        SH:  0    Dex: 15    Spells: 5/5 levels left

rFire    . . .     SeeInvis .   a - +2 dagger
rCold    . . .     Gourm    .   (no shield)
rNeg     . . .     Faith    .   h - +0 leather armour (curse)
rPois    .         Spirit   +   (no helmet)
rElec    .         Reflect  .   x - scarf {repulsion}
rCorr    .         Harm     .   n - +0 pair of gloves
MR       .....                  (no boots)
Stlth    +++.......             (no amulet)
HPRegen  0.51/turn              (no ring)
MPRegen  0.10/turn              (no ring)

@: repel missiles
A: fangs 2, regeneration 1, magic shield, antimagic bite, no potion heal 3, rot
immunity
a: Stomp, Renounce Religion


You were on level 4 of the Dungeon.
You worshipped Uskayaw.
Uskayaw was noncommittal.
You were not hungry.

You visited 2 branches of the dungeon, and saw 5 of its levels.

You collected 230 gold pieces.

Inventory:

Hand Weapons
 a - a +2 dagger (weapon)
 b - a +0 hunting sling
 w - a +0 blowgun
Missiles
 e - 8 poisoned needles
 f - 2 curare-tipped needles
 m - 6 tomahawks (quivered)
 r - 103 stones
Armour
 d - a +0 cloak
 h - a cursed +0 leather armour (worn)
 i - a scarf of resistance
 n - a +0 pair of gloves (worn)
 u - a +0 scale mail
 x - a scarf of repulsion (worn)
Scrolls
 j - a scroll of remove curse {unknown}
 q - a scroll of immolation {unknown}
 s - 2 scrolls of fear {unknown}
 v - 2 scrolls of noise {unknown}
 y - a scroll of teleportation {unknown}
 B - a scroll of identify
Potions
 k - 2 potions of might
 l - a potion of brilliance
 o - a potion of flight {unknown}
 p - a potion of berserk rage {unknown}
 t - a potion of agility
 z - a potion of magic
 A - 2 potions of mutation
Comestibles
 c - 2 chunks of flesh
 g - 4 rations


   Skills:
 + Level 3.6 Fighting
 + Level 3.7 Short Blades
 - Level 1.7 Throwing
 + Level 0.5 Armour
 - Level 3.0 Dodging
 - Level 5.0 Stealth
 + Level 0.4 Invocations


You had 5 spell levels left.
You didn't know any spells.
Your spell library was empty.

Dungeon Overview and Level Annotations

Branches:
Dungeon (4/15)             Temple (1/1) D:4

Altars:
Dithmenos
Elyvilon
Fedhas
Gozag
Hepliaklqana
Nemelex Xobeh
Trog
Uskayaw
Xom
Zin
The Shining One


Innate Abilities, Weirdness & Mutations

You have extremely sharp teeth.
Your natural rate of healing is unusually fast.
When hurt, damage is shared between your health and your magic reserves.
Your bite disrupts and absorbs the magic of your enemies.
Potions cannot restore your health.
You are immune to rotting.


Message History

Beogh smites you! The orc wizard barely misses you.
The orc priest invokes the aid of Beogh against you.
Beogh smites you!
You are too injured to fight recklessly!
You are too injured to fight recklessly!
You hit the orc priest. You bite the orc priest. You drain its power.
You feel invigorated.
The orc priest is moderately wounded.
The orc priest calls upon Beogh to heal the orc priest.
The orc priest's wounds heal themselves!
The orc priest hits you with a +0 short sword.
The orc wizard closely misses you.
You closely miss the orc priest.
The orc priest hits you with a +0 short sword.
* * * LOW HITPOINT WARNING * * *
The orc wizard hits you with a +0 dagger.
* * * LOW HITPOINT WARNING * * *
The orc priest calls down the wrath of Beogh upon you.
Beogh smites you!
You die...

#.# #........##................
#.#...####....##.##.##....#
.###.#...###...#..#..#.#.....#
.....#...!...............##...
...........##...#.##..#####...
.......##................# ###..
.....###..####.....#...#.####....
.....# #.## ##....#..........##.
.....###.# ##@..#..........##.
.....##..# #...#....#####....
.....#..## #oo...#........###
.....#.## #...###....###.##.
.....#.# #.....oo..###.....##.#..
###....# #....oo..............#..
#<...# #......######..........[
#....# ....(.# #....##..#..
#.......##### #....###.#..


You could see 4 orc priests and an orc wizard.

Vanquished Creatures
  Sigmund (D:2)
  A scorpion (D:4)
  Terence (D:2)
  2 adders (D:2)
  3 worms
  A dart slug (D:3)
  3 leopard geckos
  An orc (D:3)
  A ball python (D:2)
  11 bats
  8 giant cockroaches
  9 goblins
  7 hobgoblins
  9 jackals
  2 quokkas
  4 frilled lizards
  6 kobolds
  A leopard gecko skeleton (D:4)
  9 rats
80 creatures vanquished.

Notes
Turn   | Place    | Note
-------+----------+-------------------------------------------
     0 | D:1      | zishaf the Vine Stalker Assassin began the quest for the
                  | Orb.
     0 | D:1      | Reached XP level 1. HP: 11/11 MP: 2/2
   111 | D:1      | Reached skill level 1 in Dodging
   135 | D:1      | Reached skill level 5 in Stealth
   135 | D:1      | Reached XP level 2. HP: 12/15 MP: 1/3
   442 | D:1      | You fall through a shaft!
   606 | D:2      | Reached XP level 3. HP: 11/18 MP: 4/4
  1603 | D:2      | Noticed Terence
  1628 | D:2      | Killed Terence
  1628 | D:2      | Gained mutation: Your natural rate of healing is unusually
                  | fast. [Vine Stalker growth]
  1628 | D:2      | Reached XP level 4. HP: 4/23 MP: 1/5
  1870 | D:2      | Noticed Sigmund
  1872 | D:2      | Found a faded altar of an unknown god.
  1886 | D:2      | Killed Sigmund
  1886 | D:2      | Reached XP level 5. HP: 16/28 MP: 2/6
  1886 | D:2      | Reached XP level 6. HP: 18/32 MP: 2/7
  2969 | D:3      | Found a blossoming altar of Fedhas.
  3187 | D:4      | Found a staircase to the Ecumenical Temple.
  3201 | Temple   | Entered the Ecumenical Temple
  3335 | Temple   | Became a worshipper of Uskayaw the Reveler
  3467 | D:4      | Found a hazy altar of Hepliaklqana.
  3506 | D:4      | Reached * piety under Uskayaw
  3511 | D:4      | Reached ** piety under Uskayaw
  3535 | D:4      | HP: 1/33 [poisoned by a scorpion]
  3540 | D:4      | HP: 1/33 [poisoned by a scorpion]
  3760 | D:4      | Killed from afar by an orc priest

Vault maps used:
D:1:      shiori_arrival_oz
D:2:      chequers_ecumenical_altar_grove, uniq_sigmund, uniq_terence
D:3:      nicolae_overflow_crystal_walls, first_ration
D:4:      old_standard_altar, minmay_temple_entry_stoned_glass,
          corexii_corridor_pit
Temple:   minmay_temple_curvy_loop

Skill      XL: |  1  2  3  4  5  6 |
---------------+-------------------+-----
Dodging        | 1 2 3 |  3.0
Stealth        | 5 |  5.0
Fighting       | 2 3 |  3.6
Short Blades   | 2 3 |  3.7
Throwing       | |  1.7
Armour         | |  0.5
Invocations    | |  0.4

Action                   |  1- 3 |  4- 6 || total
-------------------------+-------+-------++-------
Melee: Dagger            |    83 |   145 ||   228
       Bite              |    17 |    39 ||    56
 Fire: Hunting sling     |     9 |     8 ||    17
       Blowgun           |     3 |     1 ||     4
  Use: Scroll            |       |     6 ||     6
 Stab: Sleeping          |    13 |     5 ||    18
  Eat: Chunk             |     2 |     7 ||     9
Armor: Robe              |    16 |    11 ||    27
       Scale mail        |       |    22 ||    22
       Leather armour    |       |     1 ||     1
Dodge: Dodged            |    48 |    73 ||   121

Table legend:
 A = Non-vault XP
 B = Vault XP
 C = Vault XP percentage of total XP
 D = Non-vault monster count
 E = Vault monster count
 F = Vault count percentage of total count
                 A         B        C        D         E       F
            +---------+---------+-------+---------+---------+-------
      Total |     238 |     267 |  52.9 |      76 |       4 |   5.0
            +---------+---------+-------+---------+---------+-------
        D:1 |      34 |       4 |  10.5 |      22 |       2 |   8.3
        D:2 |      81 |     263 |  76.5 |      31 |       2 |   6.1
        D:3 |      39 |       0 |   0.0 |      17 |       0 |   0.0
        D:4 |      84 |       0 |   0.0 |       6 |       0 |   0.0
            +---------+---------+-------+---------+---------+-------
